Map: Lost and Found LE

Players

ShoWTimE - Winner!

  • Race: Protoss Protoss
  • Spawn Location: 1:00

ExpecT

  • Race: Terran Terran
  • Spawn Location: 7:00

Event: WCS Montreal 2018

VOD

Have the link to the VOD?

Description

Time

  • Played on: Sept. 7, 2018, 7:14 p.m.
  • Length: 12:43

All games in this series

Show
View Real Time Build Order
Export as new Build Order

ShoWTimE Protoss - Winner!

Build Orders: 1 Gate Expand, Oracle Opening 

Get SALT Encoding   

  12  0:00  Probe  
  13  0:12  Probe  
  14  0:17  Pylon  
  14  0:24  Probe  
  15  0:32  Probe  
  15  0:37  Gateway  
  15  0:40  Probe  
  16  0:46  Assimilator  
  17  0:51  Probe  
  18  1:03  Probe  
  19  1:15  Probe  
  20  1:23  Nexus  
  20  1:34  Cybernetics Core  
  20  1:36  Probe  
  21  1:42  Assimilator  
  21  1:49  Probe  
  21  1:53  Pylon  
  22  2:01  Probe  
  23  2:02  Adept  
  23  2:13  Probe  
  23  2:15  Stargate  
  26  2:20  Adept  
  26  2:22  Warp Gate  
  26  2:25  Probe  
  29  2:35  Probe  
  29  2:37  Probe  
  29  2:43  Probe  
  31  2:46  Adept  
  31  2:49  Probe  
  35  2:51  Probe  
  35  2:53  Oracle  
  36  3:01  Probe  
  36  3:04  Probe  
  40  3:13  Probe  
  40  3:16  Pylon, Probe  
  42  3:25  Probe, Oracle  
  43  3:28  Probe  
  45  3:44  Gateway, Probe  
  45  3:45  Gateway  
  45  3:46  Probe  
  47  3:52  Pylon  
  47  3:57  Probe  
  47  3:59  Probe  
  47  4:02  Phoenix  
  52  4:09  Probe  
  52  4:12  Nexus, Probe  
  52  4:16  Pylon  
  53  4:21  Probe, Assimilator  
  53  4:23  Assimilator  
  55  4:24  Probe  
  55  4:33  Probe  
  55  4:36  Probe  
  57  4:42  Forge  
  57  4:43  Twilight Council  
  57  4:45  Protoss Ground Weapons Level 1, Probe  
  58  4:47  Sentry x2  
  58  4:48  Probe  
  58  4:51  Pylon  
  63  4:56  Pylon  
  63  4:57  Probe, Blink  
  64  5:00  Probe  
  65  5:09  Probe  
  65  5:12  Probe  
  67  5:15  Gateway  
  67  5:17  Gateway  
  67  5:20  Gateway  
  67  5:21  Probe  
  67  5:24  Probe  
  67  5:25  Probe  
  70  5:30  Sentry  
  70  5:33  Probe  
  70  5:35  Robotics Facility  
  73  5:36  Probe  
  73  5:37  Probe  
  73  5:40  Shield Battery  
  73  5:41  Shield Battery  
  75  5:45  Probe  
  75  5:48  Stalker, Probe  
  75  5:49  Probe  
  80  5:50  Stalker  
  80  5:56  Pylon  
  82  5:59  Shield Battery  
  82  6:05  Stalker  
  84  6:12  Stalker x2  
  84  6:13  Stalker  
  84  6:14  Stalker x2  
  84  6:16  Immortal, Probe x2  
  84  6:17  Probe  
  97  6:26  Photon Cannon  
  101  6:35  Stalker  
  101  6:37  Pylon  
  101  6:38  Pylon  
  103  6:41  Protoss Ground Armor Level 1  
  103  6:44  Stalker x3  
  109  6:55  Probe x3  
  109  6:56  Observer  
  109  6:59  Charge  
  109  7:01  Assimilator  
  113  7:06  Assimilator  
  113  7:08  Probe x3  
  114  7:12  Zealot x5  
  124  7:15  Pylon  
  124  7:17  Pylon, Observer  
  124  7:18  Pylon  
  124  7:20  Pylon  
  121  7:37  Stalker x3  
  121  7:40  Zealot x3  
  121  7:41  Immortal  
  129  7:54  Robotics Bay  
  129  7:56  Observer  
  121  8:03  Robotics Facility  
  121  8:10  Stalker x6  
  133  8:13  Gateway  
  133  8:18  Gateway, Photon Cannon  
  133  8:20  Pylon  
  133  8:21  Pylon, Protoss Ground Weapons Level 2  
  133  8:23  Forge  
  132  8:32  Shield Battery, Disruptor  
  132  8:40  Disruptor  
  132  8:50  Nexus  
  132  8:52  Pylon, Zealot x2, Protoss Ground Armor Level 2  
  132  8:53  Zealot x4  
  147  8:56  Dark Shrine  
  147  9:03  Disruptor  
  147  9:07  Probe x2  
  149  9:15  Photon Cannon  
  149  9:16  Disruptor  
  155  9:27  Stalker  
  155  9:28  Stalker x3  
  163  9:56  Photon Cannon  
  163  9:58  Fleet Beacon, Photon Cannon  
  157  10:01  Shield Battery  
  157  10:04  Assimilator  
  157  10:05  Stargate  
  151  10:08  Warp Prism  
  151  10:09  Assimilator  
  151  10:10  Disruptor  
  156  10:17  Zealot x6  
  156  10:18  Zealot x2  
  170  10:35  Tempest  
  168  10:42  Zealot x3  
  168  10:43  Zealot x3  
  168  10:48  Tempest  
  187  11:09  Stalker x3  
  187  11:10  Stalker  
  195  11:18  Pylon  
  195  11:37  Zealot x2  
  174  11:48  Zealot  
  174  11:49  Tempest x2  
  186  11:58  Zealot x6  
  192  12:06  Pylon  
  190  12:16  Stalker x2  
  190  12:21  Stalker x2  
  188  12:26  Dark Templar x4  
Show
View Real Time Build Order
Export as new Build Order

ExpecT Terran 

Build Orders: MMM Bio 

Get SALT Encoding   

  12  0:00  SCV  
  13  0:13  SCV  
  14  0:17  Supply Depot  
  14  0:25  SCV  
  15  0:29  Refinery  
  15  0:38  SCV  
  16  0:44  Barracks  
  16  0:50  SCV  
  17  1:02  SCV  
  18  1:15  SCV  
  19  1:32  Reaper, Orbital Command  
  20  1:46  Command Center  
  20  1:54  Factory  
  20  1:59  SCV  
  21  2:06  Refinery  
  21  2:08  Barracks Reactor  
  21  2:11  SCV  
  22  2:17  Supply Depot  
  22  2:23  SCV  
  23  2:40  SCV, Starport  
  26  2:44  Widow Mine, Marine x2  
  28  2:58  SCV  
  29  2:59  Orbital Command  
  29  3:05  Marine  
  29  3:06  Marine  
  29  3:09  Widow Mine  
  29  3:10  SCV  
  34  3:20  Medivac  
  34  3:24  SCV  
  34  3:25  SCV  
  38  3:27  Marine  
  38  3:28  Marine  
  40  3:41  Widow Mine  
  40  3:42  SCV x2  
  40  3:48  Supply Depot  
  42  3:49  Marine x2  
  42  3:52  Barracks  
  44  3:56  SCV x2  
  46  4:07  Factory Tech Lab  
  46  4:09  Marine x2  
  50  4:10  Engineering Bay, SCV x2  
  50  4:11  Supply Depot  
  50  4:17  Supply Depot  
  50  4:21  Barracks  
  50  4:22  Starport Tech Lab  
  50  4:25  SCV x2  
  50  4:29  Marine x2  
  53  4:41  SCV x2  
  53  4:44  Terran Infantry Weapons Level 1  
  55  4:46  Factory Reactor  
  55  4:52  Marine x3  
  58  4:53  Stimpack  
  58  4:54  SCV x2  
  58  4:59  Supply Depot  
  60  5:00  Refinery  
  60  5:01  Starport Reactor  
  60  5:06  Missile Turret, SCV  
  60  5:07  SCV  
  62  5:11  Marine  
  62  5:12  Marine  
  62  5:13  Marine  
  65  5:18  SCV  
  65  5:19  SCV  
  67  5:24  Missile Turret, Supply Depot  
  67  5:30  Marine  
  67  5:31  Combat Shields, Marine x3  
  67  5:32  Widow Mine x2  
  75  5:36  SCV x2  
  75  5:37  Supply Depot  
  77  5:45  Medivac x2, Refinery  
  77  5:46  Supply Depot  
  81  5:50  Marauder  
  81  5:53  Widow Mine, Marine  
  86  5:58  Marauder, Widow Mine, Marine  
  91  6:08  Supply Depot  
  91  6:09  Supply Depot  
  91  6:14  Marine  
  91  6:15  Marauder  
  91  6:16  Marine  
  91  6:17  Widow Mine  
  97  6:20  Marauder, Widow Mine  
  101  6:29  Supply Depot  
  101  6:30  Medivac x2, Supply Depot  
  105  6:38  Widow Mine, Marine  
  105  6:39  Marauder, Marine  
  111  6:41  Marauder, Widow Mine  
  111  6:45  Liberator x2, Terran Infantry Armor Level 1  
  115  6:50  Concussive Shells  
  115  6:54  SCV x2  
  116  7:16  Widow Mine x2  
  116  7:17  Supply Depot  
  116  7:21  Command Center  
  115  7:34  SCV x2  
  110  7:37  Liberator, Marine x2  
  110  7:38  Marauder x2, Liberator  
  110  7:42  Widow Mine  
  110  7:43  Widow Mine  
  120  7:44  Barracks x2  
  120  7:47  SCV x2  
  102  8:04  Widow Mine x2  
  99  8:08  Marauder x2, Marine x2  
  103  8:15  SCV x2  
  105  8:26  Marine x2  
  103  8:29  Liberator x2  
  103  8:30  Marauder x2  
  103  8:31  Engineering Bay, Widow Mine x2, Armory  
  111  8:34  Barracks Reactor, Barracks Tech Lab  
  111  8:39  Orbital Command  
  111  8:41  SCV x2  
  119  8:53  Marauder x2  
  123  8:57  Marine x2  
  123  8:59  Marauder  
  123  9:01  SCV  
  123  9:02  SCV  
  129  9:05  Missile Turret  
  129  9:08  Widow Mine x2  
  133  9:11  Marine x2  
  133  9:15  Marauder x2  
  139  9:19  Marine x2  
  139  9:20  Marauder, Supply Depot  
  139  9:23  Supply Depot  
  143  9:24  Terran Infantry Weapons Level 2  
  143  9:29  Missile Turret, Marine x2  
  145  9:36  Marauder, Marine  
  145  9:37  Marauder, Marine  
  151  9:39  Liberator  
  151  9:41  Marauder  
  150  9:45  SCV  
  150  9:46  SCV x2  
  147  9:53  Marine x2  
  147  9:57  Marine x3  
  147  10:03  SCV x2  
  132  10:10  Terran Infantry Armor Level 2  
  132  10:12  Marauder x2, Marine x2  
  138  10:15  Marine x2  
  138  10:16  Marauder  
  137  10:29  Marine x2  
  137  10:33  Marauder x2, Marine  
  139  10:37  Marauder  
  139  10:39  Marine  
  142  10:47  Marine x2  
  144  10:54  Marauder  
  144  10:55  Marauder  
  144  10:56  Marine  
  141  10:57  Marine  
  141  10:58  Marauder  
  144  11:05  Barracks, Marine  
  144  11:06  Command Center, Barracks  
  144  11:07  Barracks  
  144  11:10  Marine  
  149  11:12  SCV x3  
  149  11:16  Marauder x2  
  156  11:20  Marauder  
  155  11:26  Medivac x2  
  155  11:32  Missile Turret  
  156  11:36  Missile Turret, Marine  
  156  11:37  Marauder x2, Marine  
  143  11:41  Marauder  
  135  11:49  Marine x2  
  122  11:54  Marine x2  
  122  11:57  Marine x2  
  122  11:59  Marauder x2  
  127  12:03  Marauder  
  127  12:07  Marine x2  
  126  12:09  Barracks Tech Lab  
  126  12:10  Barracks Tech Lab  
  124  12:15  Marine  
  124  12:16  Marine  
  124  12:19  Marine  
  124  12:20  Marauder x2, Marine  
  111  12:23  Marine  
  111  12:25  Marine  
Tags
 
Add a new tag
Caveats
  • Supply blocks, unpowered buildings, or Contaminate may cause inaccurate times.
  • Supply counts are checked every 10 seconds.